 Dungeon Crawl Stone Soup version 0.32-a0-290-g598725c5f2 (webtiles) character file.

Game seed: 10608169410784057226

26534 jasper the Severer (level 12, -6/106 HPs)
             Began as a Mountain Dwarf Cinder Acolyte on Feb 13, 2024.
             Was a Follower of Kikubaaqudgha.
             Mangled by Urug
             ... wielding a +6 double sword of holy wrath
              (14 damage)
             ... on level 2 of the Lair of Beasts.
             The game lasted 00:27:40 (16560 turns).

jasper the Severer (Mountain Dwarf Cinder Acolyte) Turns: 16560, Time: 00:27:40

Health: -6/106     AC: 19    Str: 25    XL:     12   Next: 99%
Magic:  16/22      EV: 10    Int: 18    God:    Kikubaaqudgha [*.....]
Gold:   640        SH:  0    Dex:  5    Spells: 2/13 levels left

rFire   . . .        h - +5 battleaxe (freeze)
rCold   . . .        (shield currently unavailable)
rNeg    . . .        D - +1 scale mail {rPois}
rPois   +            x - +2 helmet
rElec   .            C - +2 cloak {Stlth+}
rCorr   .            c - +2 pair of gloves
SInv    .            (no boots)
Will    +....        n - amulet of regeneration Stlth
                     s - +6 ring of strength
HPRegen 1.17/turn    I - ring of magical power
MPRegen 0.18/turn

%: no passive effects
@: fugue, fire susceptible
A: runic magic, artefact enchanting
a: Renounce Religion, Unearth Wretches


You were on level 2 of the Lair of Beasts.
You worshipped Kikubaaqudgha.
Kikubaaqudgha was aware of your devotion.
You visited 3 branches of the dungeon, and saw 14 of its levels.
You also visited: Bailey.

You collected 1035 gold pieces.
You spent 395 gold pieces at shops.

Inventory:

Hand Weapons
 a - a -1 hand axe of flaming
 h - a +5 battleaxe of freezing (weapon)
 Z - the +5 Force Lance {heavy, knockback}
   (You found it on level 1 of the Lair of Beasts)
Missiles
 k - 111 stones
 o - 2 boomerangs
 G - 2 curare-tipped darts
 X - 2 throwing nets
Armour
 b - a +0 robe
 c - a +2 pair of gloves (worn)
 d - a +0 ring mail
 e - a +0 chain mail
 m - a +0 scale mail
 x - a +2 helmet (worn)
 B - a +1 cloak
 C - a +2 cloak of stealth (worn)
 D - a +1 scale mail of poison resistance (worn)
 N - a +3 plate armour of poison resistance
 V - +0 acid dragon scales
Magical Staves
 z - the staff of Intuition {rF+ rN+ Int+3 Fire}
   (You found it on level 2 of the Lair of Beasts)

   [staff of fire]

   Base accuracy: +5 Base damage: 5 Base attack delay: 1.2 This weapon's minimum
   attack delay (0.6) is reached at skill level 12.
   Int+3:     It affects your intelligence (+3).
   rF+:       It protects you from fire.
   rN+:       It protects you from negative energy.
   Fire:      It increases the power of your Fire spells.
   It falls into the 'Staves' category.
   It is a one-handed weapon.
Jewellery
 f - an amulet of reflection
 i - a ring of wizardry
 n - an amulet of regeneration (around neck)
 q - a ring of fire
 s - a +6 ring of strength (left hand)
 w - a ring of fire
 I - a ring of magical power (right hand)
Wands
 y - a wand of digging (8)
 U - a wand of flame (4)
 W - a wand of polymorph (3)
Scrolls
 j - 2 scrolls of fear
 l - a scroll of vulnerability
 p - a scroll of amnesia
 r - 3 scrolls of revelation
 A - a scroll of summoning
 M - a scroll of fog
 O - 3 scrolls of identify
 Q - a scroll of blinking
 Y - 2 scrolls of teleportation
Potions
 g - 4 potions of might
 t - a potion of heal wounds
 u - 5 potions of curing
 v - 2 potions of lignification
 E - a potion of degeneration
 F - a potion of enlightenment
 K - a potion of resistance {unknown}
 L - 5 potions of haste
 P - a potion of magic {unknown}
 R - 2 potions of berserk rage {unknown}
 T - 2 potions of brilliance {unknown}
Miscellaneous
 H - a sack of spiders


   Skills:
 - Level 10.1 Fighting
 - Level 16.9 Axes
 - Level 8.8 Armour
 - Level 1.0 Spellcasting
 - Level 5.0 Conjurations
 + Level 3.5 Necromancy
 - Level 3.3 Translocations
 - Level 3.6 Fire Magic
 - Level 11.0 Earth Magic


You had 2 spell levels left.
You knew the following spells:

 Your Spells              Type           Power      Damage    Failure   Level
b - Stone Arrow           Conj/Erth      58%        3d10      2%          3
c - Passwall              Erth           40%        N/A       1%          3
d - Blink                 Tloc           24%        N/A       9%          2
e - Fugue of the Fallen   Necr           13%        N/A       17%         3

Your spell library contained the following spells:

 Spells                   Type           Power      Damage    Failure   Level
 Sandblast                Erth           80%        2d17      1%          1
 Kiss of Death            Conj/Necr      64%        2d10      4%          1
 Apportation              Tloc           24%        N/A       6%          1
 Momentum Strike          Conj/Tloc      30%        3d8       6%          2
 Lesser Beckoning         Tloc           24%        N/A       9%          2
 Scorch                   Fire           26%        2d6       9%          2
 Sublimation of Blood     Necr           13%        N/A       9%          2
 Freeze                   Ice            0%         1d3       24%         1
 Jinxbite                 Hex            0%         N/A       34%         2
 Lee's Rapid Deconstruct  Erth           20%        3d12*     7%          5
 Brom's Barrelling Bould  Conj/Erth      29%        2d5       9%          4
 Vampiric Draining        Necr           13%        2d6       17%         3
 Animate Armour           Summ/Erth      40%        N/A       24%         4
 Leda's Liquefaction      Alch/Erth      10%        N/A       24%         4
 Hailstorm                Conj/Ice       9%         3d6       26%         3
 Frozen Ramparts          Ice            0%         1d1       56%         3
 Bombard                  Conj/Erth      14%        9d3       80%         6
 Summon Forest            Summ/Tloc      3%         N/A       97%         5
 Alistair's Intoxication  Alch           0%         N/A       100%        5
 Eringya's Noxious Bog    Alch           0%         4d6       100%        6
 Summon Hydra             Summ           0%         N/A       100%        7
 Shatter                  Erth           20%        3d18*     100%        9


Dungeon Overview and Level Annotations

Branches:
Dungeon (11/15)            Temple (1/1) D:7            Lair (2/5) D:8
    Orc (0/2) D:10         Bailey (visited)
  Swamp: Lair:2-3    Shoals: Lair:2-3     Snake: Lair:2-3    Spider: Lair:2-3

Altars:
Ashenzari
Cheibriados
Dithmenos
Elyvilon
Fedhas
Gozag
Hepliaklqana
Kikubaaqudgha
Makhleb
Nemelex Xobeh
Okawaru
Qazlal
Ru
Sif Muna
Trog
Uskayaw
Vehumet
Wu Jian
Xom
Yredelemnul
Zin
The Shining One

Shops:
D:3 !   D:4 [(   D:8 *   D:10 [

Annotations:
D:4 2 runed translucent doors, justen's ghost, novice GrGl
D:7 2 transporters, AutarchDCSS's ghost, novice TrSh
Temple 2 transporters
Lair:2 Urug


Innate Abilities, Weirdness & Mutations

Your spellcasting is much less encumbered by armour.
You can use scrolls of enchantment on lesser artefacts.


Message History

Kikubaaqudgha accepts your kill.
Your Necromancy skill increases to level 3!
You carve the yak like a ham!!! You freeze the yak!
You kill the yak!
Kikubaaqudgha accepts your kill.
You regained 2 hp, and now have 54/106 hp.
You slice the yak!! You freeze the yak.
The yak is heavily wounded.
The yak gores you.
Casting: Stone Arrow (mildly dangerous; 2% risk of failure)
Confirm with . or Enter, or press ? or * to list all spells.
You call out to the remnants of the fallen!
The yak gores you.
You take 4 damage, and have 50/106 hp.
You now have 15/22 mp.
You slice the yak!! You freeze the yak.
You kill the yak!
Kikubaaqudgha accepts your kill.
Urug throws a silver javelin.
The silver javelin pierces through you!
You take 15 damage, and have 35/106 hp.
Urug hits you with a +6 double sword of holy wrath!
* * * LOW HITPOINT WARNING * * *
Things that are here:
a yak corpse; a hydra corpse You take 16 damage, and have 19/106 hp.
You hit Urug. You freeze Urug.
Urug is lightly wounded.
You feel much better.
Urug hits you with a +6 double sword of holy wrath!!
* * * LOW HITPOINT WARNING * * *
You barely miss Urug.
Urug is lightly wounded.
Urug hits you with a +6 double sword of holy wrath!
* * * LOW HITPOINT WARNING * * *
You take 14 damage, and have 7/106 hp.
You slash Urug! You freeze Urug.
Urug is moderately wounded.
Urug hits you with a +6 double sword of holy wrath!
You die...
Urug says, "One more harpy dead."
Kikubaaqudgha rasps: You have failed me!
Welcome... death!

### .. ♣♣♣♣♣♣♣.♣♣♣♣♣♣♣
♣♣.♣♣# .. #♣......♣......♣
♣P~≈≈# ..
#♣.~...###...~.♣#♣~P♣♣# ..
#♣.....#.#.....♣#~♣♣♣ ^.
#♣.....#.#.....♣#♣~.♣ . ..
#♣.............♣ ♣P~♣♣ ...
..
#♣.###.....###.♣#♣♣♣~♣#.....
..
..♣#....~....#♣.@o~.~.......
..
#♣.###.....###.♣#~.~≈~#.o...
.. #♣.............♣#~♣♣~♣#
.... ..
♣..)..#.#.....♣#~♣♣♣♣ ... ..
#♣.....#)#.....♣#~♣ .. ..
#♣.~...###...~.♣#♣~ #
#♣......♣......♣ .
♣♣♣♣♣♣♣†♣♣♣♣♣♣♣ ♣ # #.#


You could see Urug.

Vanquished Creatures
  An orc warlord (Bailey)
  2 hydras (Lair:2)
  2 boulder beetles
  2 two-headed ogres
  Erica (Lair:2)
  2 death yaks (Lair:2)
  An orc knight (Bailey)
  A manticore (D:11)
  Joseph (D:8)
  An elephant (Lair:2)
  2 black mambas (Lair:2)
  5 cane toads
  A gargoyle (D:11)
  4 kobold demonologists
  6 komodo dragons
  2 trolls (D:11)
  A blink frog (Lair:2)
  A wyvern (D:9)
  A vampire (D:10)
  2 basilisks
  8 fire elementals
  4 steam dragons
  14 yaks
  An acid dragon (D:11)
  Edmund (D:4)
  13 orc warriors
  10 water moccasins
  2 black bears (D:8)
  An ice beast (D:5)
  2 ogres
  2 centaurs
  2 wolves (Lair:2)
  5 kobold brigands
  A phantom (D:7)
  Blork the orc (D:5)
  6 bullfrogs
  A scorpion (D:7)
  6 killer bees (D:10)
  3 howler monkeys
  5 bombardier beetles
  A jelly (D:8)
  3 orc priests
  3 hounds
  3 sleepcaps
  7 iguanas
  Terence (D:2)
  6 orc wizards
  4 adders
  11 gnolls (Bailey)
  A shadow imp (D:6)
  A white imp (D:8)
  2 ufetubi (D:7)
  29 orcs
  8 ball pythons
  10 endoplasms
  4 giant cockroaches
  22 goblins
  18 hobgoblins
  8 jackals
  3 quokkas
  3 bats
  3 frilled lizards
  36 kobolds
  9 rats
323 creatures vanquished.

Notes
Turn   | Place    | Note
-------+----------+-------------------------------------------
     0 | D:1      | jasper the Mountain Dwarf Cinder Acolyte began the quest
                  | for the Orb.
     0 | D:1      | Reached XP level 1. HP: 19/19 MP: 2/2
    66 | D:1      | Reached skill level 4 in Axes
   123 | D:1      | Reached XP level 2. HP: 22/26 MP: 3/3
   143 | D:1      | Learned a level 2 spell: Scorch
   306 | D:1      | Reached skill level 5 in Axes
   555 | D:1      | Reached XP level 3. HP: 31/31 MP: 4/4
  1661 | D:2      | Reached skill level 6 in Axes
  1661 | D:2      | Reached XP level 4. HP: 37/38 MP: 0/5
  1932 | D:2      | Noticed Terence
  1945 | D:2      | Killed Terence
  2103 | D:2      | Found a faded altar of an unknown god.
  2937 | D:3      | Reached XP level 5. HP: 44/45 MP: 3/6
  3005 | D:3      | Reached skill level 7 in Axes
  3583 | D:3      | Found Azismau's Distillery.
  3583 | D:3      | You fall into a shaft and drop 3 floors!
  3648 | D:5      | Entered Level 5 of the Dungeon
  3735 | D:4      | Found Zeuxum's Weapon Boutique.
  3870 | D:3      | Bought a potion of curing for 30 gold pieces
  3870 | D:3      | Bought a potion of heal wounds for 50 gold pieces
  3870 | D:3      | Bought a potion of lignification for 30 gold pieces
  4275 | D:4      | Found a runed translucent door.
  4280 | D:4      | Noticed justen's ghost (novice GrGl)
  4300 | D:4      | Found Camae's Armour Shoppe.
  4307 | D:4      | Found a runed translucent door.
  4349 | D:4      | Bought a +0 helmet for 58 gold pieces
  4377 | D:4      | Noticed Edmund
  4410 | D:4      | Killed Edmund
  4411 | D:4      | Reached skill level 8 in Axes
  4411 | D:4      | Reached XP level 6. HP: 40/51 MP: 0/7
  4505 | D:4      | Found a sparkling altar of Nemelex Xobeh.
  4835 | D:4      | Reached skill level 9 in Axes
  5471 | D:5      | Noticed an ice beast
  5476 | D:5      | Killed an ice beast
  5477 | D:5      | Reached XP level 7. HP: 57/57 MP: 1/8
  5572 | D:5      | Noticed Blork the orc
  5599 | D:5      | Killed Blork the orc
  5600 | D:5      | Reached skill level 10 in Axes
  5883 | D:5      | Noticed a steam dragon
  5898 | D:5      | Killed a steam dragon
  5906 | D:5      | Reached skill level 11 in Axes
  6457 | D:6      | Reached XP level 8. HP: 58/63 MP: 1/9
  6571 | D:6      | Found a hazy altar of Hepliaklqana.
  6823 | D:6      | Reached skill level 12 in Axes
  7984 | D:7      | Found a staircase to the Ecumenical Temple.
  8027 | D:7      | Reached skill level 13 in Axes
  8148 | D:7      | Reached skill level 14 in Axes
  8151 | D:7      | Reached skill level 1 in Armour
  8151 | D:7      | Reached XP level 9. HP: 71/71 MP: 3/10
  8167 | D:7      | Learned a level 3 spell: Stone Arrow
  8331 | D:7      | Found a transporter.
  8343 | D:7      | Found a transporter.
  8346 | D:7      | Noticed AutarchDCSS's ghost (novice TrSh)
  8460 | D:7      | Reached skill level 1 in Conjurations
  8973 | D:8      | Found a flagged portal.
  9021 | Bailey   | Entered a bailey
  9246 | Bailey   | Reached skill level 5 in Fighting
  9668 | Bailey   | Noticed an orc knight
  9695 | Bailey   | Killed an orc knight
  9849 | Bailey   | Noticed an orc warlord
  9909 | Bailey   | Killed an orc warlord
  9910 | Bailey   | Reached skill level 5 in Armour
  9910 | Bailey   | Reached skill level 5 in Conjurations
  9910 | Bailey   | Reached XP level 10. HP: 25/86 MP: 0/11
 10007 | Bailey   | Reached skill level 10 in Earth Magic
 10007 | Bailey   | Reached XP level 11. HP: 92/92 MP: 12/12
 10141 | D:8      | Learned a level 3 spell: Passwall
 10197 | D:8      | Found Genaomme's General Store.
 10197 | D:8      | Noticed Joseph
 10219 | D:8      | Killed Joseph
 10222 | D:8      | Bought a potion of haste for 130 gold pieces
 10222 | D:8      | Bought a scroll of enchant armour for 97 gold pieces
 10502 | D:8      | Found a staircase to the Lair.
 11210 | D:9      | Noticed a two-headed ogre
 11220 | D:8      | Killed a two-headed ogre
 11478 | D:9      | Found a glowing silver altar of Zin.
 12089 | D:10     | Entered Level 10 of the Dungeon
 12875 | D:10     | Found a staircase to the Orcish Mines.
 13057 | D:10     | Noticed a two-headed ogre
 13063 | D:10     | Killed a two-headed ogre
 13064 | D:10     | Reached skill level 15 in Axes
 13299 | D:10     | Found Vayl's Antique Armour Shop.
 13490 | D:11     | Learned a level 2 spell: Blink
 13678 | D:11     | Reached skill level 1 in Translocations
 13682 | D:11     | Reached XP level 12. HP: 74/103 MP: 13/13
 13770 | D:11     | Noticed a boulder beetle
 13787 | D:11     | Killed a boulder beetle
 14401 | Temple   | Found a transporter.
 14401 | Temple   | Found a transporter.
 14401 | Temple   | Found a transporter.
 14401 | Temple   | Found a transporter.
 14401 | Temple   | Entered the Ecumenical Temple
 14416 | Temple   | Fell from the grace of Ignis
 14416 | Temple   | Became a worshipper of Kikubaaqudgha
 14482 | Lair:1   | Entered Level 1 of the Lair of Beasts
 14698 | Lair:1   | Noticed a boulder beetle
 14720 | Lair:1   | Killed a boulder beetle
 14866 | Lair:1   | You fall into a shaft and drop 1 floor!
 14987 | Lair:2   | Noticed Erica
 14988 | Lair:2   | Noticed a six-headed hydra
 15120 | Lair:2   | Noticed a four-headed hydra
 15132 | Lair:2   | Killed a one-headed hydra
 15133 | Lair:2   | Reached skill level 16 in Axes
 15825 | Lair:1   | Found the +5 Force Lance {heavy, knockback}
 16368 | Lair:2   | Killed Erica
 16377 | Lair:2   | Noticed a death yak
 16394 | Lair:2   | Got Leda's Excursus on the Tektite
 16401 | Lair:2   | Identified the staff of Intuition {rF+ rN+ Int+3 Fire}
 16429 | Lair:2   | Noticed a death yak
 16434 | Lair:2   | Killed a death yak
 16435 | Lair:2   | Reached skill level 10 in Fighting
 16438 | Lair:2   | Killed a death yak
 16438 | Lair:2   | Reached * piety under Kikubaaqudgha
 16438 | Lair:2   | Received a gift from Kikubaaqudgha
 16453 | Lair:2   | Learned a level 3 spell: Fugue of the Fallen
 16515 | Lair:2   | Noticed Urug
 16530 | Lair:2   | Killed a one-headed hydra
 16531 | Lair:2   | Reached skill level 1 in Necromancy
 16560 | Lair:2   | Mangled by Urug

Illustrated notes

Levels and vault maps discovered:
D:1:      ebering_trefoil_twist, layout_basic
D:2:      layout_basic, chequers_ecumenical_altar_twisty, uniq_terence
D:3:      layout_basic, serial_shops, nicolae_shop_trees, reono_crystal_passage,
          kennysheep_generic_room_10
D:4:      layout_basic, nemelex_xobeh_ov_fountains_minmay, serial_shops, shop,
          nicolae_stop_n_shop_1, ebering_ghost_sewer_f,
          kennysheep_generic_room_5, uniq_edmund
D:5:      layout_loops_cross, uniq_blork_the_orc
D:6:      nicolae_cairo_tiling_large, layout_layer_cave, lemuel_doored_altar
D:7:      layout_cave_pools, temple_doors_cd, gammafunk_ghost_stat_death
D:8:      layout_loops_corners, due_lair_maze_entry_diamond, serial_shops,
          nicolae_shop_getting_attention, enter_bailey_3, uniq_joseph
D:9:      layout_irregular_city, zin_academy
D:10:     layout_loops_cross, david_orc_2, serial_shops, shop
D:11:     layout_long_grid, item_on_display_b
Temple:   hellmonk_temple_divided_pantheon
Lair:1:   layout_loops_ring
Lair:2:   nzn_winding_woodlands_cross [nzn_winding_woodlands_5x15_split_checker,
          nzn_winding_woodlands_5x15_twine,
          nzn_winding_woodlands_5x15_lazy_stream,
          nzn_winding_woodlands_5x15_sawtooth,
          nzn_winding_woodlands_15x15_five_gardens], layout_long_grid,
          elwin_shoals_entry_stream, st_stairs_13, uniq_urug, uniq_erica

Skill      XL: |  1  2  3  4  5  6  7  8  9 10 11 12 |
---------------+-------------------------------------+-----
Axes           | 4 5 6 8 9 11 14 15 16 | 16.9
Armour         | 1 5 7 8 |  8.8
Fighting       | 7 8 10 | 10.1
Conjurations   | 5 |  5.0
Earth Magic    | 10 11 | 11.0
Translocations | 2 3 |  3.3
Necromancy     | 3 |  3.5
Spellcasting   | |  1.0
Fire Magic     | |  3.6

Action                     |  1- 3 |  4- 6 |  7- 9 | 10-12 || total
---------------------------+-------+-------+-------+-------++-------
  Melee: Hand axe          |    82 |    73 |   119 |    12 ||   286
         War axe           |       |       |    94 |    75 ||   169
         Battleaxe         |       |       |       |   224 ||   224
  Throw: Dart              |       |       |     1 |       ||     1
   Cast: Scorch            |    16 |    55 |   143 |       ||   214
         Stone Arrow       |       |       |       |   152 ||   152
         Fugue of the Fall |       |       |       |     1 ||     1
 Invoke: Fiery Armour      |       |     1 |     6 |       ||     7
  Evoke: Wand              |       |       |     9 |       ||     9
         Sack of spiders   |       |       |       |     1 ||     1
    Use: Scroll            |     4 |     4 |     8 |     9 ||    25
         Potion            |       |     1 |     4 |     3 ||     8
   Stab: Invisible         |       |       |     2 |       ||     2
 Armour: Robe              |    27 |       |       |       ||    27
         Ring mail         |     5 |       |       |       ||     5
         Chain mail        |    17 |     4 |       |       ||    21
         Scale mail        |       |    64 |   285 |   327 ||   676
  Dodge: Dodged            |    36 |    20 |   136 |   135 ||   327
  Block: Other             |     7 |     1 |       |       ||     8
         Reflection        |     2 |       |       |       ||     2

Table legend: (Time is in decaauts)
 A = Elapsed time spent in this place.
 B = Non-inter-level travel time spent in this place.
 C = Inter-level travel time spent in this place.
 D = Time resting spent in this place.
 E = Time spent auto-exploring this place.
 F = Levels seen in this place.
 G = Mean time per level.
                   A        B        C        D        E       F      G
               +--------+--------+--------+--------+--------+-----+--------+
         Total |  16481 |  15871 |    610 |   1264 |  12242 |  15 | 1098.7 |
       Dungeon |  13278 |  12765 |    513 |    662 |  10501 |  11 | 1207.1 |
        Temple |     30 |     23 |      7 |      0 |      0 |   1 |   30.0 |
          Lair |   2077 |   1988 |     89 |    255 |   1358 |   2 | 1038.5 |
        Bailey |   1095 |   1095 |      0 |    347 |    382 |   1 | 1095.0 |
               +--------+--------+--------+--------+--------+-----+--------+

Top non-repeatable levels by time:
     D:6: 1528 daAuts
     D:1: 1410 daAuts
     D:8: 1410 daAuts
    D:10: 1379 daAuts
     D:4: 1314 daAuts
     D:3: 1289 daAuts
     D:2: 1253 daAuts
  Lair:1: 1182 daAuts
  Bailey: 1095 daAuts
     D:7: 1011 daAuts
     D:5: 959 daAuts
  Lair:2: 894 daAuts
    D:11: 877 daAuts
     D:9: 843 daAuts
  Temple: 30 daAuts
